 Dungeon Crawl Stone Soup version 0.17-a0-1497-g03599f7 (webtiles) character file.

18 Chiseanne the Chiller (level 2, -2/21 HPs)
             Began as a Demonspawn Wanderer on July 6, 2015.
             Slain by an ooze (3 damage)
             ... on level 1 of the Dungeon.
             The game lasted 00:02:26 (1086 turns).

Chiseanne the Chiller (Demonspawn Wanderer)         Turns: 1086, Time: 00:02:26

Health: -2/21      AC:  2    Str: 11    XL:     2   Next: 48%
Magic:  0/5        EV: 11    Int: 12    God:
Gold:   63         SH:  0    Dex: 14    Spells: 2 memorised, 2 levels left

rFire  + . .     SeeInvis .     e - +0 dagger
rCold  . . .     Clarity  .     d - +0 robe
rNeg   . . .     SustAt   .     (no shield)
rPois  .         Gourm    .     (no helmet)
rElec  .         Spirit   .     (no cloak)
rCorr  .         Warding  .     (no gloves)
rMut   .         Stasis   .     (no boots)
MR     .....                    (no amulet)
Stlth  ++........               (no ring)
                                (no ring)

@: infused (expiring), not resistant to hostile enchantments, unstealthy
A: fire resistance 1
a: no special abilities


You were on level 1 of the Dungeon.
You were not hungry.

You visited 1 branch of the dungeon, and saw 1 of its levels.

You collected 63 gold pieces.

Inventory:

Hand weapons
 e - a +0 dagger (weapon)
Missiles
 k - 20 bolts
Armour
 d - a +0 robe (worn)
Jewellery
 l - an uncursed amulet of rage {unknown}
Scrolls
 i - a scroll of immolation {unknown}
 j - a scroll of remove curse
Potions
 g - 3 potions of curing
Books
 a - a book of Battle

   Spells                             Type                      Level
   a - Infusion                       Charms                       1
   b - Shroud of Golubria             Charms/Translocation         2
   c - Song of Slaying                Charms                       2
   d - Spectral Weapon                Hexes/Charms                 3
   e - Regeneration                   Charms/Necromancy            3
 b - the Volume of Unholy Rituals

   Spells                             Type                      Level
   a - Pain                           Necromancy                   1
   b - Sublimation of Blood           Necromancy                   2
 c - the Guide on Snow

   Spells                             Type                      Level
   a - Freeze                         Ice                          1
   b - Ensorcelled Hibernation        Hexes/Ice                    2
Comestibles
 f - a bread ration
 h - a chunk of flesh


   Skills:
 * Level 1.1 Fighting
 + Level 0.6 Dodging
 - Level 1.0 Stealth
 + Level 2.1 Spellcasting
 + Level 1.5 Charms
 - Level 3.6 Ice Magic
   Level 1.0 Poison Magic
   Level 1.0 Evocations


You had 2 spell levels left.
You knew the following spells:

 Your Spells              Type           Power        Failure   Level  Hunger
a - Infusion              Chrm           #.....       14%         1    ##.....
b - Ensorcelled Hibernat  Hex/Ice        #.....       21%         2    ###....


Dungeon Overview and Level Annotations

Branches:
Dungeon (1/15)

Altars:


Innate Abilities, Weirdness & Mutations

Your flesh is heat resistant.


Message History

The ooze hits you.
You hit the ooze.
The ooze is lightly wounded.
The ooze hits you.
You hit the ooze.
The ooze is moderately wounded.
The ooze hits you.
* * * LOW HITPOINT WARNING * * *
You hit the ooze.
The ooze is severely wounded.
Your magical infusion is running out.
The ooze hits you but does no damage.
You hit the ooze but do no damage.
The ooze is severely wounded.
The ooze hits you.
* * * LOW HITPOINT WARNING * * *
You hit the ooze.
The ooze is severely wounded.
The ooze hits you.
You die...

.......# #......# ###.......##...
..####.###......# #.+.......##.#.
.........).....####.#.......##.#.
....##.####.....##.....#+###.....
....##.######.#.##.>#.....##.#...
....##.##.......##..#.##..##....#
....##.##...........#.#...##.####
....##.##........##...#...##.#
....##.##.......@######......#
.#####.##...####J# ##.##### .#
#...# #..# #.# .# #...# ##.# #)#
.# #.####...#####..#####.# ##
#..........#.......##.#
######.....#.......##.#
##....#.......##.#
#....#.......##.#


You could see an ooze.

Vanquished Creatures
  3 bats (D:1)
  2 giant cockroaches (D:1)
  A goblin (D:1)
  2 hobgoblins (D:1)
  3 kobolds (D:1)
  A giant gecko (D:1)
  2 giant newts (D:1)
  2 rats (D:1)
16 creatures vanquished.

Notes
Turn   | Place    | Note
--------------------------------------------------------------
     0 | D:1      | Chiseanne the Demonspawn Wanderer began the quest for the Orb.
     0 | D:1      | Chiseanne set off with: a book of Battle, the Volume of Unholy Rituals, the Guide on Snow, a +0 robe, a +0 dagger, a bread ration
     0 | D:1      | Reached XP level 1. HP: 13/13 MP: 3/3
     0 | D:1      | Identified the Volume of Unholy Rituals
     0 | D:1      | Identified the Guide on Snow
     2 | D:1      | Learned a level 1 spell: Infusion
   554 | D:1      | Reached skill level 1 in Fighting
   561 | D:1      | Gained mutation: Your flesh is heat resistant. [demonic ancestry]
   561 | D:1      | Reached XP level 2. HP: 19/21 MP: 0/5
   614 | D:1      | Learned a level 2 spell: Ensorcelled Hibernation
  1085 | D:1      | HP: 1/21 [ooze (5)]
  1086 | D:1      | Slain by an ooze

Vault maps used:
D:1:      dpeg_arrival_rhombi, minmay_misc_feat_more_columns

Action                   || total
-------------------------++-------
Melee: Dagger            ||    58
 Cast: Infusion          ||    12
  Use: Scroll            ||     4
 Stab: Sleeping          ||     1
  Eat: Chunk             ||     1
